 Dungeon Crawl Stone Soup version 0.31.0-11-ge490571c62 (webtiles) character file.

Game seed: 13811350712186644360

0 Gadfly the Ruffian (level 1, -1/15 HPs)
             Began as a Demonspawn Shapeshifter on Jan 27, 2024.
             Slain by a quokka (4 damage)
             ... on level 1 of the Dungeon.
             The game lasted 00:00:13 (55 turns).

Gadfly the Ruffian (Demonspawn Shapeshifter)          Turns: 55, Time: 00:00:13

Health: -1/15      AC:  2    Str: 14    XL:     1   Next: 8%
Magic:  1/1        EV: 12    Int: 10    God:
Gold:   0          SH:  0    Dex: 12    Spells: 0/0 levels left

rFire   . .          .
                       - Unarmed
rCold   . . .        (no shield)
rNeg    . . .        a - +0 animal skin
rPois   .            (helmet currently unavailable)
rElec   .            (cloak currently unavailable)
rCorr   .            (gloves currently unavailable)
SInv    .            (boots currently unavailable)
Will    .....        (no amulet)
Stlth   +            (no ring)
HPRegen 0.22/turn    (no ring)
MPRegen 0.07/turn

%: no passive effects
@: beast-form
A: beast (slay +1)
a: Begin Untransformation


You were on level 1 of the Dungeon.
You were a hulking beast.
You visited 1 branch of the dungeon, and saw 1 of its levels.

Inventory:

Armour
 a - a +0 animal skin (worn)
Talismans
 c - a beast talisman
 d - a flux talisman
Potions
 b - a potion of lignification


   Skills:
 + Level 1.0 Fighting
 * Level 1.7 Dodging
 + Level 2.6 Unarmed Combat
 * Level 0.1 Evocations
 + Level 2.6 Shapeshifting


You couldn't memorise any spells.
You didn't know any spells.
Your spell library was empty.

Dungeon Overview and Level Annotations

Branches:
Dungeon (1/15)

Altars:
Lugonu

Portals:
Abyss: D:1

Annotations:
D:1 2 runed translucent doors


Message History

There are monsters nearby!
The ufetubus shouts!
You hear a shout!
Found 6 gold pieces.
Found a corrupted altar of Lugonu.
The ball python hisses angrily.
The goblin shouts!
The iron imp shouts, "Accept thy doom, thou weedy flap-mouthed vulture!"
You hear a shout!
You hear a loud squeak.
You hear a shout!
The quokka bites you. The goblin closely misses you.
The quokka attacks as it pursues you! The quokka barely misses you.
The quokka bites you. The quokka attacks as it pursues you!
The quokka bites you. The quokka attacks as it pursues you!
The quokka bites you but does no damage.
The quokka closely misses you. The quokka bites you.
You hit the goblin but do no damage. The goblin hits you with a +0 dagger.
You are too injured to fight recklessly!
You are too injured to fight recklessly!
You are too injured to fight recklessly!
You barely miss the goblin. The goblin hits you but does no damage.
You closely miss the goblin. The goblin hits you with a +0 dagger.
* * * LOW HITPOINT WARNING * * *
You closely miss the goblin. The goblin hits you but does no damage.
You barely miss the goblin. The goblin closely misses you.
You miss the goblin. The goblin hits you but does no damage.
You hit the goblin.
You kill the goblin!
You barely miss the quokka. The quokka barely misses you.
You hit the quokka.
The quokka is lightly wounded.
The quokka barely misses you.
You closely miss the quokka.
The quokka is lightly wounded.
The quokka bites you.
* * * LOW HITPOINT WARNING * * *
You hit the quokka but do no damage.
The quokka is lightly wounded.
The quokka barely misses you. The quokka closely misses you.
You hit the quokka.
The quokka is moderately wounded.
The quokka bites you.
You die...

.##..#..##.......#.......
#.#..#..##..#...#....#
.##.#.#..##...#....##
#.#..#......#.....###
#.##......##......8.#$#555
##.#..##..............+r5g
######.#...#..##.##........+555
###.#...#..#...#.r.#.....8.#$#5rS
....)###.#.....#h#...#...##### ..
..##.# #...#....###...##..#
#..##.##.##....#....#...#..#
<.#..#.##...#.......#.......
######## ############ ###


You could see a quokka.

Vanquished Creatures
  A goblin (D:1)
1 creature vanquished.

Notes
Turn   | Place    | Note
-------+----------+-------------------------------------------
     0 | D:1      | Gadfly the Demonspawn Shapeshifter began the quest for the
                  | Orb.
     0 | D:1      | Reached XP level 1. HP: 15/15 MP: 1/1
    31 | D:1      | Found a large runed translucent door.
    31 | D:1      | Found a large runed translucent door.
    31 | D:1      | Found a one-way gate to the infinite horrors of the Abyss.
    31 | D:1      | Noticed a crimson imp
    31 | D:1      | Noticed a crimson imp
    33 | D:1      | Found a corrupted altar of Lugonu.
    33 | D:1      | Noticed a quasit
    33 | D:1      | Noticed an iron imp
    55 | D:1      | Slain by a quokka

Illustrated notes

Levels and vault maps discovered:
D:1:      erik_arrival_cave_to_civilisation [erik_arrival_cave_to_temple],
          layout_basic, minmay_indecisive_spiral

Action                     || total
---------------------------++-------
  Melee: Unarmed           ||    12
 Armour: Animal skin       ||    12
  Dodge: Dodged            ||     8
